 Dungeon Crawl Stone Soup version 0.32-a0-485-g70f7560b1c (webtiles) character file.

Game seed: 9423049218264882979

3535 ezpacito the Trooper (level 9, -3/74 HPs)
             Began as a Demonspawn Chaos Knight on Feb 27, 2024.
             Was a Plaything of Xom.
             Slain by a yak (20 damage)
             ... on level 7 of the Dungeon.
             The game lasted 00:14:34 (6485 turns).

ezpacito the Trooper (Demonspawn Chaos Knight)      Turns: 6485, Time: 00:14:35

Health: -3/74      AC: 12    Str: 14    XL:     9   Next: 82%
Magic:  11/11      EV: 12    Int: 10    God:    Xom [....*.]
Gold:   140        SH:  0    Dex: 28    Spells: 0/13 levels left

rFire   + . .        a - +0 hand axe (chaos)
rCold   x . .        (no shield)
rNeg    . . .        f - +2 scale mail
rPois   .            (helmet restricted)
rElec   .            k - scarf {shadows}
rCorr   .            (no gloves)
SInv    .            j - +0 pair of boots
Will    .....        o - amulet of regeneration
Stlth   ++           d - ring of protection from fire
HPRegen 1.12/turn    m - +6 ring of dexterity
MPRegen 0.12/turn

%: clarity
@: no status effects
A: foul stench 1, sharp scales 2, antennae 1, agile 2, clarity, low MP 1, sense
surroundings 1, robust 1, cold vulnerability 1, MP-powered wands
a: Renounce Religion


You were on level 7 of the Dungeon.
You worshipped Xom.
You were a beloved toy of Xom.
You visited 2 branches of the dungeon, and saw 10 of its levels.
You also visited: Sewer.

You collected 438 gold pieces.
You spent 298 gold pieces at shops.

Inventory:

Hand Weapons
 a - a +0 hand axe of chaos (weapon)
 b - a +0 war axe
 z - a +0 battleaxe of flaming
Missiles
 w - 10 poisoned darts (quivered)
 x - 2 boomerangs
Armour
 f - a +2 scale mail (worn)
 j - a +0 pair of boots (worn)
 k - a scarf of shadows (worn)
 n - a +1 helmet
Jewellery
 d - a ring of protection from fire (left hand)
 m - a +6 ring of dexterity (right hand)
 o - an amulet of regeneration (around neck)
 u - a ring of flight
 A - an amulet of faith
 F - a +4 ring of protection
Talismans
 p - a maw talisman
 y - a blade talisman
Wands
 c - a wand of roots (5)
 e - a wand of polymorph (6)
 t - a wand of paralysis (6)
 C - a wand of flame (17)
Scrolls
 g - 2 scrolls of immolation
 h - 2 scrolls of noise
 l - a scroll of torment
 q - 3 scrolls of teleportation
 r - 3 scrolls of identify
 v - a scroll of fog
 E - a scroll of blinking
Potions
 i - 3 potions of curing
 s - 3 potions of magic
 B - a potion of heal wounds
 H - a potion of ambrosia


   Skills:
 * Level 5.6 Fighting
 * Level 5.4(5.8) Axes
 + Level 2.7(4.4) Polearms
 * Level 5.0 Armour
 * Level 4.5 Dodging
 + Level 3.1 Stealth
 * Level 4.3 Unarmed Combat
 + Level 2.7 Spellcasting
 + Level 2.2 Conjurations
 + Level 0.2 Translocations
 + Level 0.2 Fire Magic
 + Level 2.1 Ice Magic
 + Level 1.9 Air Magic
 + Level 2.1 Alchemy
 + Level 2.9 Evocations


You couldn't memorise any spells.
You knew the following spells:

 Your Spells              Type           Power      Damage    Failure   Level
a - Mephitic Cloud        Conj/Alch/Air  5%         N/A       80%         3
b - Freezing Cloud        Conj/Ice/Air   2%         6-21      100%        5
c - Mercury Vapours       Alch/Air       10%        N/A       58%         2
d - Volatile Blastmotes   Fire/Tloc      2%         2d10      96%         3

Your spell library contained the following spells:

 Spells                   Type           Power      Damage    Failure   Level
 Lesser Beckoning         Tloc           2%         N/A       83%         2
 Swiftness                Air            5%         N/A       83%         3
 Gell's Gravitas          Tloc           1%         N/A       96%         3
 Teleport Other           Tloc           1%         N/A       96%         3
 Dispersal                Tloc           0%         N/A       100%        6
 Malign Gateway           Summ/Tloc      0%         N/A       100%        7
 Chain Lightning          Conj/Air       2%         3d3       100%        9


Dungeon Overview and Level Annotations

Branches:
Dungeon (9/15)             Temple (1/1) D:5           Sewer (visited)
   Lair: D:8-11         Orc: D:9-12

Altars:
Ashenzari
Cheibriados
Dithmenos
Fedhas
Gozag
Hepliaklqana
Kikubaaqudgha
Makhleb
Nemelex Xobeh
Okawaru
Qazlal
Ru
Sif Muna
Trog
Uskayaw
Vehumet
Xom
Yredelemnul
Beogh

Shops:
D:4 :   D:6 ?


Innate Abilities, Weirdness & Mutations

You may rarely emit foul miasma when damaged in melee.
You are mostly covered in razor-sharp scales. (AC +2, Slay +2)
You have a pair of small antennae on your head.
You are very agile. (Dex +8, Str/Int -2)
You possess an exceptional clarity of mind.
Your magical capacity is low. (-10% MP)
You passively map a small area around you.
You are robust. (+10% HP)
You are vulnerable to cold. (rC-)
You expend magic power (3 MP) to strengthen your wands.


Message History

You hit the yak.
The yak falls asleep!
You closely miss the yak. "Serve the mortal, my child!"
The yak is engulfed in dark miasma.
The yak looks even sicker.
The yak seems to slow down.
The yak gores you but does no damage. The yak barely misses you.
The yak completely misses you.
You barely miss the yak.
The yak is lightly wounded.
You completely miss the yak. You hit the yak.
The yak seems to grow stronger.
Xom thinks this is hilarious!
The yak is engulfed in dark miasma.
The yak looks even sicker.
The yak seems to slow down.
The yak gores you. The yak gores you! The yak gores you but does no damage.
Your white imp gestures at the yak.
The puff of frost hits the yak.
You hit the yak. You burn the yak.
The yak is moderately wounded.
You strike the helpless yak from behind!
You hit the yak.
The yak looks as sick as possible!
You hit the yak but do no damage.
You kill the yak!
The yak closely misses you.
Your Armour skill increases to level 5!
You hit the yak.
The yak convulses.
The yak is heavily wounded.
You hit the yak but do no damage.
The yak seems to speed up.
The yak gores you!
* * * LOW HITPOINT WARNING * * *
The yak gores you but does no damage.
Unknown command.
You hit the yak.
The yak is severely wounded.
You slash the yak! The yak gores you.
* * * LOW HITPOINT WARNING * * *
You emit a cloud of foul miasma!
The yak gores you.
* * * LOW HITPOINT WARNING * * *
Your white imp closely misses the yak.
You hit the yak. You burn the yak.
The yak is severely wounded.
You hit the yak.
The yak is engulfed in dark miasma.
The yak gores you!!
You die...
Xom howls with laughter!

.......?..#
*..........#
#.........##
#..........###
####
#...........#
...#
#...##..#....
* ..## ..
#.Y#**.. **
.## ##. , *
#YY## ####..
##@5# **
#....# #..#*
≈≈.# #..# *,
,, .≈.# #..# ,
.≈.# ##.# .≈.#
#.## * .≈.#
#..# .≈.# #..#
.≈.# #..#


You could see 3 yaks and a friendly white imp (summoned).

Vanquished Creatures
  A two-headed ogre (D:5)
  The ghost of Aldia the Apothecary, a novice OpAl (D:6)
  Jeremiah (D:6)
  3 yaks
  A chaos spawn (D:4)
  Edmund (D:3)
  An acid dragon (D:4)
  A water moccasin (D:7)
  2 ice beasts
  An orc warrior (D:4)
  2 sky beasts
  A black bear (D:7)
  A crocodile (Sewer)
  The ghost of bearlyready the Chopper, an amateur CoMo (D:3)
  A centaur (D:5)
  A kobold brigand (D:6)
  A scorpion (D:5)
  2 electric eels (D:7)
  4 hounds
  4 orc priests
  A jelly (D:5)
  Terence (D:2)
  4 iguanas
  2 orc wizards
  Robin (D:2)
  10 adders
  5 ribbon worms
  4 dart slugs
  19 orcs
  2 bats
  2 endoplasms (D:1)
  2 giant cockroaches (D:3)
  17 goblins
  7 hobgoblins
  5 jackals
  8 kobolds
  3 quokkas
  12 ball pythons
  2 frilled lizards (D:1)
  5 rats
143 creatures vanquished.

Vanquished Creatures (others)
  An orc wizard (D:5)
  2 orcs
3 creatures vanquished.

Grand Total: 146 creatures vanquished

Notes
Turn   | Place    | Note
-------+----------+-------------------------------------------
     0 | D:1      | ezpacito the Demonspawn Chaos Knight began the quest for
                  | the Orb.
     0 | D:1      | Reached XP level 1. HP: 18/18 MP: 1/1
    62 | D:1      | Reached skill level 1 in Dodging
   129 | D:1      | Gained mutation: You are partially covered in razor-sharp
                  | scales. (AC +1, Slay +1) [demonic ancestry]
   129 | D:1      | Reached XP level 2. HP: 21/24 MP: 2/2
   264 | D:1      | XOM: silly message
   481 | D:1      | XOM: divination: detect creatures
   530 | D:1      | XOM: divination: detect creatures
   809 | D:1      | XOM: silly message
   861 | D:2      | XOM: smoke on damage
   905 | D:2      | Noticed Terence
   940 | D:2      | Gained mutation: You are occasionally teleported next to
                  | monsters. [potion of mutation]
   940 | D:2      | Gained mutation: You are dopey. (Int -2) [potion of
                  | mutation]
   940 | D:2      | Gained mutation: You are covered in fur. (AC +1) [potion of
                  | mutation]
   946 | D:2      | XOM: cast spell 'Summon Small Mammal'
   955 | D:2      | XOM: cast spell 'Fugue of the Fallen'
  1053 | D:2      | XOM: potion effect (might)
  1061 | D:2      | Killed Terence
  1062 | D:2      | Gained mutation: You are mostly covered in razor-sharp
                  | scales. (AC +2, Slay +2) [demonic ancestry]
  1062 | D:2      | Reached XP level 3. HP: 16/29 MP: 3/3
  1139 | D:2      | Noticed Robin
  1143 | D:2      | Reached skill level 1 in Unarmed Combat
  1151 | D:2      | XOM: smoke on damage
  1157 | D:2      | Reached XP level 4. HP: 32/35 MP: 4/4
  1162 | D:2      | Killed Robin
  1209 | D:2      | XOM: divination: detect items
  1675 | D:3      | XOM: silly message
  1727 | D:3      | Reached skill level 1 in Stealth
  1792 | D:3      | Found a glowing drain.
  1800 | Sewer    | Entered a sewer
  1858 | Sewer    | Noticed a crocodile
  1868 | Sewer    | Killed a crocodile
  1869 | Sewer    | Reached XP level 5. HP: 17/41 MP: 4/6
  2246 | D:3      | Found a runed translucent gate.
  2247 | D:3      | Found a runed translucent gate.
  2247 | D:3      | Noticed bearlyready's ghost (amateur CoMo)
  2248 | D:3      | Found a runed translucent gate.
  2269 | D:3      | XOM: potion effect (attraction)
  2383 | D:3      | Found a roughly hewn altar of Beogh.
  2402 | D:3      | Reached skill level 1 in Polearms
  2402 | D:3      | Reached skill level 1 in Spellcasting
  2406 | D:3      | XOM: potion effect (curing)
  2420 | D:3      | Killed bearlyready's ghost
  2421 | D:3      | Reached skill level 1 in Evocations
  2421 | D:3      | Gained mutation: You may rarely emit foul miasma when
                  | damaged in melee. [demonic ancestry]
  2421 | D:3      | Reached XP level 6. HP: 19/47 MP: 7/7
  2601 | D:4      | Noticed Edmund
  2601 | D:4      | Noticed an orc warrior
  2601 | D:4      | XOM: potion effect (haste)
  2602 | D:4      | XOM: divination: detect items
  2615 | D:3      | XOM: potion effect (heal wounds)
  2643 | D:3      | Killed Edmund
  2732 | D:4      | XOM: potion effect (might)
  2983 | D:4      | Killed an orc warrior
  2984 | D:4      | Reached XP level 7. HP: 39/53 MP: 7/9
  3020 | D:4      | XOM: silly message
  3087 | D:4      | XOM: confuse monster(s)
  3209 | D:4      | Lost mutation: You are occasionally teleported next to
                  | monsters. [potion of mutation]
  3209 | D:4      | Lost mutation: You are covered in fur. (AC +1) [potion of
                  | mutation]
  3209 | D:4      | Lost mutation: You are dopey. (Int -2) [potion of mutation]
  3209 | D:4      | Gained mutation: You are agile. (Dex +4, Str/Int -1)
                  | [potion of mutation]
  3274 | D:4      | Found Ilol Leq's Book Boutique.
  3284 | D:4      | Learned a level 3 spell: Mephitic Cloud
  3290 | D:4      | Learned a level 5 spell: Freezing Cloud
  3344 | D:4      | Noticed Grinder
  3344 | D:4      | Paralysed by Grinder for 4 turns
  3359 | D:4      | Grinder changed into Grinder the chaos spawn
  3359 | D:4      | Noticed Grinder
  3359 | D:4      | XOM: swap monsters
  3362 | D:4      | Killed Grinder the chaos spawn
  3626 | D:4      | Found a roughly hewn altar of Beogh.
  3885 | D:5      | Entered Level 5 of the Dungeon
  3947 | D:5      | XOM: give mutations
  3947 | D:5      | Gained mutation: You are very agile. (Dex +8, Str/Int -2)
                  | [Xom's grace]
  3947 | D:5      | Gained mutation: You have hidden genetic potential. [Xom's
                  | grace]
  3947 | D:5      | Gained mutation: Your muscles are strong. (Str +4, Int/Dex
                  | -1) [Xom's grace]
  3947 | D:5      | Gained mutation: You have a pair of small antennae on your
                  | head. [Xom's grace]
  3955 | D:5      | Found a staircase to the Ecumenical Temple.
  3961 | D:5      | Reached XP level 8. HP: 60/60 MP: 10/10
  3977 | Temple   | Entered the Ecumenical Temple
  4059 | D:5      | XOM: give mutations
  4059 | D:5      | Gained mutation: Your mind is acute. (Int +4, Str/Dex -1)
                  | [Xom's mischief]
  4059 | D:5      | Gained mutation: Your magical capacity is low. (-10% MP)
                  | [Xom's mischief]
  4059 | D:5      | Gained mutation: Armour fits poorly on your strangely
                  | shaped body. [Xom's mischief]
  4059 | D:5      | Lost mutation: Your muscles are strong. (Str +4, Int/Dex
                  | -1) [Xom's mischief]
  4083 | D:5      | XOM: 2-stop teleportation journey
  4145 | D:5      | Found a sparkling altar of Nemelex Xobeh.
  4145 | D:5      | Found a stormy altar of Qazlal.
  4306 | D:5      | Reached skill level 1 in Ice Magic
  4451 | D:5      | Noticed a two-headed ogre
  4455 | D:5      | XOM: fog
  4460 | D:5      | XOM: butterfly on damage
  4461 | D:5      | Killed a two-headed ogre
  4462 | D:5      | Reached skill level 1 in Conjurations
  4462 | D:5      | Reached skill level 1 in Air Magic
  4462 | D:5      | Reached skill level 1 in Alchemy
  4462 | D:5      | Gained mutation: You are robust. (+10% HP) [hidden
                  | potential]
  4514 | D:5      | XOM: summons 5 hostile demons
  4560 | D:5      | Identified the +1 robe "Upibbeergh" {Fly rF+}
  4787 | D:6      | Found Zeesi's Magic Scroll Emporium.
  4795 | D:6      | Reached skill level 5 in Fighting
  4795 | D:6      | Reached XP level 9. HP: 68/74 MP: 11/11
  4804 | D:6      | Bought a scroll of identify for 26 gold pieces
  4804 | D:6      | Bought a scroll of identify for 26 gold pieces
  4804 | D:6      | Bought a scroll of identify for 26 gold pieces
  4804 | D:6      | Bought a scroll of brand weapon for 123 gold pieces
  4804 | D:6      | Bought a scroll of blinking for 97 gold pieces
  4843 | D:6      | You fall into a shaft and drop 3 floors!
  4861 | D:8      | XOM: give mutations
  4861 | D:8      | Lost mutation: Armour fits poorly on your strangely shaped
                  | body. [Xom's mischief]
  4861 | D:8      | Gained mutation: You are vulnerable to cold. (rC-) [Xom's
                  | mischief]
  4916 | D:7      | XOM: give mutations
  4916 | D:7      | Lost mutation: You have a pair of small antennae on your
                  | head. [Xom's mischief]
  4916 | D:7      | Gained mutation: You have a pair of small antennae on your
                  | head. [Xom's mischief]
  4983 | D:6      | Reached skill level 5 in Axes
  5032 | D:6      | XOM: smoke on damage
  5037 | D:6      | Found a radiant altar of Vehumet.
  5037 | D:6      | XOM: 6-stop teleportation journey
  5138 | D:6      | Found a runed translucent door.
  5140 | D:6      | Noticed Aldia's ghost (novice OpAl)
  5237 | D:6      | Noticed Jeremiah
  5252 | D:6      | XOM: destruction
  5284 | D:6      | Killed Jeremiah
  5348 | D:6      | Identified the +0 robe "Wumapp" {rF+ Will++ Archmagi}
  5405 | D:6      | Learned a level 2 spell: Mercury Vapours
  5720 | D:6      | XOM: divination: detect creatures
  5853 | D:6      | XOM: give mutation
  5853 | D:6      | Lost mutation: Your mind is acute. (Int +4, Str/Dex -1)
                  | [Xom's mischief]
  5946 | D:6      | XOM: destruction
  5949 | D:6      | XOM: destruction
  5958 | D:6      | Killed Aldia's ghost
  5966 | D:6      | Gained mutation: You passively map a small area around you.
                  | [hidden potential]
  5966 | D:6      | Lost mutation: You have hidden genetic potential. [hidden
                  | potential expressed]
  6087 | D:7      | Found a snail-covered altar of Cheibriados.
  6087 | D:7      | Found an opulent altar of Gozag.
  6269 | D:7      | XOM: give mutations
  6269 | D:7      | Gained mutation: You possess an exceptional clarity of
                  | mind. [Xom's grace]
  6269 | D:7      | Gained mutation: You expend magic power (3 MP) to
                  | strengthen your wands. [Xom's grace]
  6280 | D:7      | XOM: god gift: Xom's Compilation of the Equator {god gift}
  6281 | D:7      | Got Xom's Compilation of the Equator {god gift}
  6286 | D:7      | Learned a level 3 spell: Volatile Blastmotes
  6452 | D:7      | XOM: god gift: battleaxe {god gift}
  6480 | D:7      | XOM: summons friendly white imp
  6483 | D:7      | Reached skill level 5 in Armour
  6485 | D:7      | Slain by a yak

Illustrated notes

Levels and vault maps discovered:
D:1:      eino_arrival_cavern_d, layout_basic, hangedman_feature_mirror,
          minmay_tetromino_o2
D:2:      layout_loops_ring, uniq_terence, uniq_robin
D:3:      layout_loops_cross, biasface_ghost_orc_armoury, portal_sewer_entry_e,
          chequers_serial_rivers_micro_d
D:4:      layout_rooms, serial_shops, kennysheep_little_box,
          kennysheep_orc_chapel, uniq_grinder, uniq_edmund
D:5:      layout_loops_ring, nicolae_overflow_two_pavilions,
          minmay_temple_entry_stoned_glass, kennysheep_generic_room_5
D:6:      layout_basic, nicolae_vehumet_radiance, ebering_ghost_inner_flame,
          serial_shops, shop, blue_anna_alchemist, uniq_jeremiah
D:7:      layout_cave_pods, lemuel_coloured_pillars_altar,
          nicolae_overflow_squiral, reono_crystal_passage
D:8:      layout_rooms, minmay_crystal_room, uniq_joseph, uniq_prince_ribbit1,
          uniq_pikel
D:9:      layout_long_grid, dpeg_oklobed_lair, erik_orc_3, moated_statue
Temple:   regret_index_temple_generic_petals

Skill      XL: |  1  2  3  4  5  6  7  8  9 |
---------------+----------------------------+-----
Dodging        | 1 2 3 4 |  4.5
Axes           | 3 4 5 |  5.4
Armour         | 2 3 4 5 |  5.0
Unarmed Combat | 1 2 3 4 |  4.3
Stealth        | 1 2 3 |  3.1
Polearms       | 1 2 |  2.7
Spellcasting   | 1 2 |  2.7
Evocations     | 1 2 |  2.9
Fighting       | 4 5 |  5.6
Ice Magic      | 1 2 |  2.1
Conjurations   | 1 2 |  2.2
Air Magic      | 1 |  1.9
Alchemy        | 1 2 |  2.1
Translocations | |  0.2
Fire Magic     | |  0.2

Action                     |  1- 3 |  4- 6 |  7- 9 || total
---------------------------+-------+-------+-------++-------
  Melee: Hand axe          |    66 |   140 |   315 ||   521
         Unarmed           |     9 |       |       ||     9
  Evoke: Wand              |       |       |     5 ||     5
    Use: Potion            |     2 |     5 |     2 ||     9
         Scroll            |       |     6 |    10 ||    16
   Stab: Sleeping          |       |     2 |     6 ||     8
         Invisible         |       |     5 |       ||     5
         Paralysed         |       |       |     2 ||     2
         Confused          |       |       |     8 ||     8
         Petrified         |       |       |     4 ||     4
         Petrifying        |       |       |     3 ||     3
         Distracted        |       |       |     1 ||     1
         Held in net/web   |       |       |     1 ||     1
 Armour: Leather armour    |    33 |    84 |       ||   117
         Skin              |     4 |       |    29 ||    33
         Scale mail        |       |    33 |   255 ||   288
  Dodge: Dodged            |    44 |    92 |   185 ||   321

Table legend: (Time is in decaauts)
 A = Elapsed time spent in this place.
 B = Non-inter-level travel time spent in this place.
 C = Inter-level travel time spent in this place.
 D = Time resting spent in this place.
 E = Time spent auto-exploring this place.
 F = Levels seen in this place.
 G = Mean time per level.
                   A        B        C        D        E       F      G
               +--------+--------+--------+--------+--------+-----+--------+
         Total |   6495 |   6092 |    403 |    379 |   4293 |  11 |  590.5 |
       Dungeon |   6293 |   5891 |    402 |    379 |   4168 |   9 |  699.2 |
        Temple |      1 |      1 |      0 |      0 |      0 |   1 |    1.0 |
         Sewer |    200 |    200 |      0 |      0 |    124 |   1 |  200.0 |
               +--------+--------+--------+--------+--------+-----+--------+

Top non-repeatable levels by time:
     D:3: 1125 daAuts
     D:6: 1097 daAuts
     D:4: 953 daAuts
     D:1: 929 daAuts
     D:5: 909 daAuts
     D:2: 674 daAuts
     D:7: 583 daAuts
   Sewer: 200 daAuts
     D:9: 12 daAuts
     D:8: 6 daAuts
  Temple: 1 daAuts
